 Dungeon Crawl Stone Soup version 0.19.1-1-g22dce08 (webtiles) character file.

58 Kiturien the Caller (level 4, 0/24 HPs)
             Began as a Tengu Summoner on Jan 20, 2017.
             Slain by an adder (3 damage)
             ... on level 2 of the Dungeon.
             The game lasted 00:11:22 (1184 turns).

Kiturien the Caller (Tengu Summoner)                Turns: 1184, Time: 00:11:22

Health: 0/24       AC:  3    Str:  8    XL:     4   Next: 1%
Magic:  0/9        EV: 12    Int: 17    God:
Gold:   46         SH:  0    Dex: 14    Spells: 2 memorised, 6 levels left

rFire  . . .     SeeInvis .     m - +1 dagger (speed)
rCold  . . .     Gourm    .     a - +1 robe
rNeg   . . .     Faith    .     (no shield)
rPois  .         Spirit   +     (helmet restricted)
rElec  .         Reflect  .     (no cloak)
rCorr  .         Harm     .     (no gloves)
MR     .....                    (boots unavailable)
Stlth  ++........               h - amulet of guardian spirit
                                (no ring)
                                (no ring)

@: very slightly contaminated
A: beak, talons 3
a: no special abilities


You were on level 2 of the Dungeon.
You were not hungry.

You visited 1 branch of the dungeon, and saw 2 of its levels.

You collected 46 gold pieces.

Inventory:

Hand Weapons
 e - a +0 dagger
 m - a +1 dagger of speed (weapon)
Armour
 a - a +1 robe (worn)
 j - a -1 robe
Jewellery
 h - an amulet of guardian spirit (around neck)
Scrolls
 d - a scroll of identify {unknown}
 i - a scroll of random uselessness {unknown}
 o - 2 scrolls of enchant armour
 p - a scroll of remove curse
Potions
 g - a potion of agility {unknown}
 k - 3 potions of brilliance {unknown}
 n - a potion of degeneration {unknown}
Books
 b - a book of Callings

   Spells                             Type                      Level
   a - Summon Small Mammal            Summoning                    1
   b - Call Imp                       Summoning                    2
   c - Call Canine Familiar           Summoning                    3
   d - Summon Guardian Golem          Hexes/Summoning              3
   e - Summon Lightning Spire         Summoning/Air                4
   f - Summon Ice Beast               Ice/Summoning                4
Comestibles
 c - a bread ration
 f - a beef jerky
 l - a meat ration


   Skills:
 + Level 0.2 Fighting
 + Level 2.2 Dodging
 + Level 2.0 Stealth
 + Level 3.0 Spellcasting
 + Level 5.7 Summonings


You had 6 spell levels left.
You knew the following spells:

 Your Spells              Type           Power        Failure   Level  Hunger
a - Summon Small Mammal   Summ           ###.         1%          1    None
b - Call Imp              Summ           ###.....     2%          2    ##.....


Dungeon Overview and Level Annotations

Branches:
Dungeon (2/15)

Altars:


Innate Abilities, Weirdness & Mutations

You have a beak for a mouth.
You have claws for feet.


Message History

The adder barely misses you.
Casting: Call Imp
Confirm with . or Enter, or press ? or * to list all spells.
You miscast Summon Small Mammal.
You are very lightly contaminated with residual magic.
Nothing appears to happen.
The adder barely misses you.
Your crimson imp blinks!
The adder barely misses you.
You closely miss the adder. Your peck misses the adder.
The adder is heavily wounded.
The adder barely misses you.
You hit the adder.
The adder is almost dead.
The adder bites you.
* * * LOW HITPOINT WARNING * * *
Unknown command.
Casting: Summon Small Mammal
Confirm with . or Enter, or press ? or * to list all spells.
The adder closely misses you. The adder bites you.
You die...

#.........######
#.#
#.#.####.......#
#.#
#.#.g....†.....#
#.#
#5##..#........#
#.#
#.#.5.5........#
#.#
#.###...#'######
#.# #.#....)..#
###+#
##.#############
#....
#..gS@.r....)..#
#....
##############.#
#.... #.# #....
#5# #.... #g#
#...


gg. ### .b.g# .....# ......# You could see a gnoll, an adder and a friendly
quokka.

Vanquished Creatures
  An adder (D:2)
  2 goblins (D:2)
  3 hobgoblins
  3 jackals (D:2)
  A frilled lizard (D:1)
  2 rats (D:2)
12 creatures vanquished.

Vanquished Creatures (collateral kills)
  3 gnolls (D:2)
  An adder (D:2)
  A leopard gecko (D:1)
  2 ball pythons (D:2)
  2 bats (D:1)
  2 giant cockroaches (D:1)
  3 hobgoblins
  A jackal (D:2)
  A quokka (D:1)
  3 frilled lizards
  3 goblins
  A kobold (D:2)
  2 rats (D:1)
25 creatures vanquished.

Grand Total: 37 creatures vanquished

Notes
Turn   | Place    | Note
-------+----------+-------------------------------------------
     0 | D:1      | Kiturien the Tengu Summoner began the quest for the Orb.
     0 | D:1      | Reached XP level 1. HP: 10/10 MP: 4/4
    56 | D:1      | Reached skill level 5 in Summonings
   174 | D:1      | Reached XP level 2. HP: 4/15 MP: 1/6
   624 | D:1      | Learned a level 2 spell: Call Imp
   720 | D:2      | Reached XP level 3. HP: 16/19 MP: 1/7
  1169 | D:2      | Reached XP level 4. HP: 4/24 MP: 0/9
  1184 | D:2      | Slain by an adder

Skill      XL: |  1  2  3 |
---------------+----------+-----
Summonings     | 5 |  5.7
Spellcasting   | 3 |  3.0
Fighting       | |  0.2
Dodging        | |  2.2
Stealth        | |  2.0

Action                   |  1- 3 |  4- 6 || total
-------------------------+-------+-------++-------
Melee: Dagger            |    53 |     2 ||    55
       Peck              |     7 |       ||     7
       Kick              |     9 |       ||     9
       Unarmed           |     2 |       ||     2
 Cast: Summon Small Mamm |    65 |     1 ||    66
       Call Imp          |    10 |       ||    10
  Use: Scroll            |     3 |       ||     3
 Stab: Distracted        |     1 |       ||     1
       Sleeping          |     2 |       ||     2
  Eat: Bread ration      |     1 |       ||     1
Armor: Robe              |    11 |       ||    11
Dodge: Dodged            |    48 |     6 ||    54
